 Dungeon Crawl Stone Soup version 0.24.0-41-g2ae2f7f1be (webtiles) character file.

Game seed: 8818912382742069120, levelgen mode: deterministic

1 DavidChitty2 the Conjurer (level 1, -2/10 HPs)
             Began as a Deep Elf Conjurer on Dec 9, 2019.
             Slain by a worm (12 damage)
             ... on level 1 of the Dungeon.
             The game lasted 00:01:16 (197 turns).

DavidChitty2 the Conjurer (Deep Elf Conjurer)        Turns: 197, Time: 00:01:17

Health: -2/10      AC:  2    Str:  5    XL:     1   Next: 16%
Magic:  0/6        EV: 13    Int: 19    God:
Gold:   0          SH:  0    Dex: 15    Spells: 5/6 levels left

rFire    . . .     SeeInvis .   (no weapon)
rCold    . . .     Gourm    .   (no shield)
rNeg     . . .     Faith    .   a - +0 robe
rPois    .         Spirit   .   (no helmet)
rElec    .         Reflect  .   (no cloak)
rCorr    .         Harm     .   (no gloves)
MR       .....                  (no boots)
Stlth    ++........             (no amulet)
HPRegen  0.03/turn              (no ring)
MPRegen  0.10/turn              (no ring)

@: no status effects
A: no striking features
a: no special abilities


You were on level 1 of the Dungeon.
You were not hungry.

You visited 1 branch of the dungeon, and saw 1 of its levels.

Inventory:

Missiles
 b - 9 sling bullets
 c - 26 stones (quivered)
Armour
 a - a +0 robe (worn)
Potions
 d - a potion of brilliance {unknown}
Comestibles
 e - 2 rations {!d}
 f - 3 chunks of flesh


   Skills:
 + Level 2.4 Dodging
 - Level 2.4 Stealth
 + Level 3.0 Spellcasting
 * Level 4.4 Conjurations


You had 5 spell levels left.
You knew the following spells:

 Your Spells              Type           Power        Failure   Level  Hunger
a - Magic Dart            Conj           ###.         2%          1    None

Your spell library contained the following spells:

 Spells                   Type           Power        Failure   Level  Hunger
 Searing Ray              Conj           ###...       3%          2    ##.....
 Dazzling Spray           Conj/Hex       ##....       19%         3    ###....
 Iskenderun's Mystic Bla  Conj           ###.....     24%         4    ####...
 Force Lance              Conj/Tloc      ##......     52%         4    ####...
 Fulminant Prism          Conj/Hex       ##........   52%         4    ####...


Dungeon Overview and Level Annotations

Branches:
Dungeon (1/15)

Altars:


Message History

c - 15 stones (gained 2)
Things that are here:
a +0 club; a hobgoblin corpse You butcher the hobgoblin corpse.
f - 3 chunks of flesh
Things that are here:
a +0 club; a hobgoblin skeleton
c - 16 stones (gained 1)
c - 30 stones (gained 14)
Aim: a worm The magic dart hits the worm.
Aim: a worm (lightly wounded)
The magic dart hits the worm.
Aim: a worm (lightly wounded)
The magic dart hits the worm.
Aim: a worm (moderately wounded)
The magic dart hits the worm.
Aim: a worm (moderately wounded)
The magic dart hits the worm.
Aim: a worm (heavily wounded)
The magic dart hits the worm.
Aim: a worm (moderately wounded)
The magic dart hits the worm.
The worm barely misses you.
Aim: a worm (moderately wounded)
The magic dart hits the worm.
Found a stone staircase leading down.
Throwing (i - inventory)
c - 30 stones (quivered)
Aim: a worm You throw a stone.
The stone barely misses the worm.
Throwing (i - inventory)
c - 29 stones (quivered)
Aim: a worm You throw a stone.
The stone hits the worm.
Throwing (i - inventory)
c - 28 stones (quivered)
Aim: a worm You throw a stone.
The stone hits the worm but does no damage.
Throwing (i - inventory)
c - 27 stones (quivered)
Aim: a worm You throw a stone.
The stone hits the worm but does no damage.
Aim: a worm The magic dart hits the worm.
Aim: a worm (lightly wounded)
The magic dart hits the worm but does no damage.
Aim: a worm The magic dart hits the worm.
Aim: a worm (lightly wounded)
The magic dart hits the worm.
The worm bites you!
Ouch! That really hurt!
You die...

#.....'..w..<.....'. #
#.##..##############
.. ####.##........#
##.####........#..#..#
........##........#..#
###.....#.w..........#
#.......##..###.#..#
#>.(.(####.........#
#.....((.w@.######.#
###.#######.# #.# #.
#.# #.# .. ..# #.# ##.
..# #.##### ....
#...).# .... #####.#
.. #.# ###.####


You could see a worm.

Vanquished Creatures
  A hobgoblin (D:1)
1 creature vanquished.

Notes
Turn   | Place    | Note
-------+----------+-------------------------------------------
     0 | D:1      | DavidChitty2 the Deep Elf Conjurer began the quest for the
                  | Orb.
     0 | D:1      | Reached XP level 1. HP: 10/10 MP: 6/6
   197 | D:1      | Slain by a worm

Levels and vault maps discovered:
D:1:      evilmike_arrival_run_for_it, layout_loops_cross,
          minmay_tree_intersection

Action                   || total
-------------------------++-------
Throw: Stone             ||     8
 Cast: Magic Dart        ||    22
Dodge: Dodged            ||     4
